 Dungeon Crawl Stone Soup version 0.20-a0-375-gc02d24d (webtiles) character file.

133 Herrn the Sneak (level 5, -2/55 HPs)
             Began as a Naga Monk on Dec 28, 2016.
             Slain by an orc priest
             ... wielding a +0 trident
              (7 damage)
             ... on level 2 of the Dungeon.
             The game lasted 00:12:42 (2705 turns).

Herrn the Sneak (Naga Monk)                         Turns: 2705, Time: 00:12:43

Health: -2/55      AC:  5    Str: 13    XL:     5   Next: 16%
Magic:  14/14      EV: 11    Int: 11    God:
Gold:   147        SH:  0    Dex: 14    Spells: 4/4 levels left

rFire  + . .     SeeInvis +     a - +0 hand axe
rCold  . . .     Gourm    .     b - +0 robe
rNeg   . . .     Faith    .     (no shield)
rPois  +         Spirit   .     r - +2 helmet
rElec  .         Reflect  .     (no cloak)
rCorr  .         Harm     .     (no gloves)
MR     .....                    (no barding)
Stlth  +++.......               d - amulet of magic regeneration
                                h - ring of protection from fire
                                i - ring of magical power

@: short of breath, very slow
A: see invisible, deformed body, poison resistance, robust 1, slowness 2, slow
metabolism 1, spit poison 1, AC +1
a: Spit Poison


You were on level 2 of the Dungeon.
You were not hungry.

You visited 1 branch of the dungeon, and saw 4 of its levels.

You collected 147 gold pieces.

Inventory:

Hand Weapons
 a - a +0 hand axe (weapon)
 A - a +0 war axe
Armour
 b - a +0 robe (worn)
 g - a cursed +0 ring mail
 k - a cursed -2 chain mail
 r - a +2 helmet (worn)
Jewellery
 d - an amulet of magic regeneration (around neck)
 e - an uncursed ring of wizardry
 f - an uncursed amulet of regeneration {unknown}
 h - a ring of protection from fire (right hand)
 i - a ring of magical power (left hand)
 j - an uncursed amulet of regeneration {unknown}
Scrolls
 l - a scroll of fear
 o - 2 scrolls of magic mapping
 q - 5 scrolls of teleportation {unknown}
 s - a scroll of amnesia {unknown}
 x - a scroll of identify {unknown}
 y - 3 scrolls of remove curse {unknown}
Potions
 m - a potion of might {unknown}
 n - a potion of lignification {unknown}
 p - a potion of agility {unknown}
 t - a potion of beneficial mutation
 u - a potion of resistance {unknown}
 z - 2 potions of haste {unknown}
Comestibles
 c - a bread ration
 w - a beef jerky


   Skills:
 + Level 3.9 Fighting
 + Level 3.9 Axes
 + Level 3.1 Dodging
 + Level 4.2 Stealth


You had 4 spell levels left.
You didn't know any spells.

Dungeon Overview and Level Annotations

Branches:
Dungeon (4/15)
 Temple: D:4-7

Altars:
Ashenzari
Qazlal

Annotations:
D:3 haldagan's ghost, amateur OgTm


Innate Abilities, Weirdness & Mutations

You cannot wear boots.
Your serpentine skin is tough. (AC +1)
You have supernaturally acute eyesight. (SInv)
Armour fits poorly on your strangely shaped body.
Your system is resistant to poisons. (rPois)
You cover ground very slowly.
You have a slow metabolism.
You can spit poison.
You are robust. (+10% HP)


Message History

You have got your breath back.
The goblin hits you with a club. The orc priest hits you with a trident.
Press: ? - help, Shift-Dir - straight line, f/p - orc priest
Aim: an orc priest, wielding a trident (lightly wounded)
The splash of poison hits the orc priest.
The orc priest is heavily wounded.
You feel slightly more hungry. The goblin hits you with a club.
You hit the orc priest but do no damage.
The orc priest is heavily wounded.
You completely miss the goblin.
The orc priest calls down the wrath of Beogh upon you.
Pain shoots through your body! The goblin hits you but does no damage.
The orc priest invokes the aid of Beogh against you.
Beogh smites you!
* * * LOW HITPOINT WARNING * * *
It was a potion of beneficial mutation.
You feel robust.
You feel fantastic! The goblin hits you but does no damage.
The orc priest hits you with a trident!
You die...

##..........####..
#.................
#.................
#.................
#...............##
#..##<#.....###.#
#.....#.......#.#
#o###.#.........##
#@g...............
#######...(..##'####
#...# #......#......
#...# #....).#......
###...###......#......
#.'....##......#......
#.#....##.............
####)#....##.............
#....##'#.#######........


You could see an orc priest and a goblin.

Vanquished Creatures
  An orc wizard (D:3)
  Robin (D:2)
  2 adders
  An ooze (D:1)
  A dart slug (D:3)
  A leopard gecko (D:1)
  4 orcs (D:3)
  5 bats
  3 giant cockroaches
  9 goblins
  9 hobgoblins
  5 jackals (D:3)
  11 kobolds
  2 quokkas (D:3)
  4 frilled lizards
  6 rats
65 creatures vanquished.

Notes
Turn   | Place    | Note
-------+----------+-------------------------------------------
     0 | D:1      | Herrn the Naga Monk began the quest for the Orb.
     0 | D:1      | Reached XP level 1. HP: 21/21 MP: 1/1
   217 | D:1      | Reached XP level 2. HP: 28/28 MP: 2/2
   596 | D:1      | Reached XP level 3. HP: 34/34 MP: 3/3
  1079 | D:2      | Noticed Robin
  1093 | D:2      | Killed Robin
  1669 | D:2      | Found a stormy altar of Qazlal.
  1745 | D:2      | Reached XP level 4. HP: 40/43 MP: 4/4
  1893 | D:3      | Noticed haldagan's ghost (amateur OgTm)
  2065 | D:3      | Found a shattered altar of Ashenzari.
  2261 | D:3      | Reached skill level 4 in Stealth
  2481 | D:3      | Reached XP level 5. HP: 38/50 MP: 5/5
  2705 | D:2      | Gained mutation: You are robust. (+10% HP) [potion of beneficial mutation]
  2705 | D:2      | Slain by an orc priest

Vault maps used:
D:1:      mrwooster_arrival_statue_3, minmay_tetromino_t4
D:2:      nicolae_qazlal_eye_of_the_storm, uniq_robin
D:3:      evilmike_ruin_ashenzari, tgw_trog
D:4:      first_bread, serial_shops, shop

Skill      XL: |  1  2  3  4 |
---------------+-------------+-----
Dodging        | 3 |  3.1
Stealth        | 4 |  4.2
Fighting       | |  3.9
Axes           | |  3.9

Action                   |  1- 3 |  4- 6 || total
-------------------------+-------+-------++-------
Melee: Hand axe          |    42 |    85 ||   127
 Abil: Spit Poison       |    43 |    13 ||    56
  Use: Scroll            |     2 |       ||     2
       Potion            |       |     1 ||     1
 Stab: Sleeping          |       |     5 ||     5
  Eat: Chunk             |     4 |     3 ||     7
Armor: Robe              |    11 |    31 ||    42
Dodge: Dodged            |    42 |    67 ||   109
